 Dungeon Crawl Stone Soup version 0.23.0-3-gf3c87f2 (webtiles) character file.

Game seed: 11876213190499536013

74 vishdafish the Covered (level 4, -2/38 HPs)
             Began as a Gnoll Wanderer on Feb 20, 2019.
             Killed by nerve-wracking pain
             ... invoked by a shadow imp
             ... summoned by Natasha
              (11 damage)
             ... on level 2 of the Dungeon.
             The game lasted 00:02:28 (1390 turns).

vishdafish the Covered (Gnoll Wanderer)             Turns: 1390, Time: 00:02:29

Health: -2/38      AC:  4    Str: 16    XL:     4   Next: 28%
Magic:  5/5        EV: 11    Int: 17    God:
Gold:   61         SH:  0    Dex: 11    Spells: 5/5 levels left

rFire    + . .     SeeInvis .   c - +0 mace
rCold    . . .     Gourm    .   (no shield)
rNeg     . . .     Faith    .   i - +1 robe {rC+}
rPois    .         Spirit   .   (no helmet)
rElec    .         Reflect  .   (no cloak)
rCorr    .         Harm     .   (no gloves)
MR       .....                  k - +0 pair of boots
Stlth    ++........             (no amulet)
HPRegen  0.12/turn              o - ring of fire
MPRegen  0.09/turn              (no ring)

@: slowed, very slow
A: distributed training, fangs 1, strong nose
a: no special abilities


You were on level 2 of the Dungeon.
You were hungry.

You visited 1 branch of the dungeon, and saw 2 of its levels.

You collected 61 gold pieces.

Inventory:

Hand Weapons
 b - a +2 blowgun
 c - a +0 mace (weapon)
Missiles
 a - 2 curare-tipped needles
 l - 2 javelins (quivered)
Armour
 e - a +0 robe
 i - a +1 robe of cold resistance (worn)
 k - a +0 pair of boots (worn)
Jewellery
 o - a ring of fire (left hand)
Scrolls
 g - 2 scrolls of magic mapping {unknown}
 p - a scroll of amnesia {unknown}
Potions
 d - a potion of lignification
 h - 3 potions of curing {unknown}
 j - a potion of heal wounds {unknown}
 m - a potion of berserk rage {unknown}
 n - a potion of ambrosia {unknown}
Comestibles
 f - 3 rations


   Skills:
 + Level 4.6 Fighting
 + Level 1.0 Short Blades
 + Level 1.0 Long Blades
 + Level 1.0 Axes
 + Level 4.6 Maces & Flails
 + Level 1.0 Polearms
 + Level 1.0 Staves
 + Level 1.0 Slings
 + Level 1.0 Bows
 + Level 2.7 Crossbows
 + Level 2.7 Throwing
 + Level 6.6 Armour
 + Level 1.0 Dodging
 + Level 2.5 Stealth
 + Level 1.0 Shields
 + Level 1.0 Unarmed Combat
 + Level 1.0 Spellcasting
 + Level 0.8 Conjurations
 + Level 0.8 Hexes
 + Level 0.8 Charms
 + Level 0.8 Summonings
 + Level 0.8 Necromancy
 + Level 0.8 Translocations
 + Level 0.8 Transmutations
 + Level 0.8 Fire Magic
 + Level 0.8 Ice Magic
 + Level 0.8 Air Magic
 + Level 0.8 Earth Magic
 + Level 0.8 Poison Magic
 + Level 1.1 Invocations
 + Level 1.0 Evocations


You had 5 spell levels left.
You didn't know any spells.
Your spell library was empty.

Dungeon Overview and Level Annotations

Branches:
Dungeon (2/15)

Altars:

Annotations:
D:2 Natasha


Innate Abilities, Weirdness & Mutations

Your experience applies equally to all skills.
You have very sharp teeth.
Your uncanny sense of smell can sniff out nearby items.


Message History

You feel as though you will be slow longer.
Throwing (i - inventory)
l - 4 javelins (quivered)
Press: ? - help, Shift-Dir - straight line, f/p - Natasha
Aim: Natasha (heavily wounded)
You throw a javelin. The javelin hits Natasha.
Natasha is almost dead.
Natasha closely misses you.
The iron imp shouts, "Accept thy doom, thou weedy dismal-dreaming pimple!"
The iron imp misses you.
Natasha mumbles some strange words.
The iron imp hits you!
* * * LOW HITPOINT WARNING * * *
Throwing (i - inventory)
l - 3 javelins (quivered)
Press: ? - help, Shift-Dir - straight line, f/p - Natasha
Aim: Natasha (almost dead)
You throw a javelin. The javelin closely misses Natasha.
Natasha misses you. The shadow imp puffs mist at you.
The shadow imp gestures at you. Pain shoots through your body!
You die...

#.# #.####..##.#
#.######.......##.##
...................#
<.....#..####.###.##
#.###.#..# #.# #.#
#.###.#..# #.# #.#
.........####.# #.#
#.###.#.......###.####
.........(....(h@...>#
#.#####..#...(.5.5...#
#.# #..#.####†#.##.#
#.# #..#.# #.#.##.#
#.#####..#.# #.#....#
#..........####.####.#
.....................#
................###..#
..######.#.###..# #..#


You could see an iron imp, Natasha and a shadow imp.

Vanquished Creatures
  Natasha (D:2)
  A worm (D:2)
  A leopard gecko (D:1)
  4 giant cockroaches
  9 goblins (D:1)
  6 hobgoblins
  3 jackals (D:1)
  5 bats
  2 frilled lizards
  4 kobolds
  3 rats
39 creatures vanquished.

Notes
Turn   | Place    | Note
-------+----------+-------------------------------------------
     0 | D:1      | vishdafish the Gnoll Wanderer began the quest for the Orb.
     0 | D:1      | vishdafish set off with the following items: 2
                  | curare-tipped needles, a +2 blowgun, a +0 mace, a potion of
                  | lignification, a +0 robe, a ration
     0 | D:1      | Reached XP level 1. HP: 20/20 MP: 1/1
   450 | D:1      | Reached XP level 2. HP: 24/26 MP: 2/2
   615 | D:1      | Reached XP level 3. HP: 31/31 MP: 3/3
  1151 | D:2      | Noticed Natasha
  1154 | D:2      | Killed Natasha
  1154 | D:2      | Reached skill level 1 in Short Blades
  1154 | D:2      | Reached skill level 1 in Long Blades
  1154 | D:2      | Reached skill level 1 in Axes
  1154 | D:2      | Reached skill level 1 in Polearms
  1154 | D:2      | Reached skill level 1 in Staves
  1154 | D:2      | Reached skill level 1 in Slings
  1154 | D:2      | Reached skill level 1 in Bows
  1154 | D:2      | Reached skill level 1 in Dodging
  1154 | D:2      | Reached skill level 1 in Shields
  1154 | D:2      | Reached skill level 1 in Unarmed Combat
  1154 | D:2      | Reached skill level 1 in Spellcasting
  1154 | D:2      | Reached skill level 1 in Invocations
  1154 | D:2      | Reached skill level 1 in Evocations
  1154 | D:2      | Reached XP level 4. HP: 38/38 MP: 5/5
  1381 | D:2      | Noticed Natasha
  1390 | D:2      | Killed from afar by a shadow imp

Skill      XL: |  1  2  3 |
---------------+----------+-----
Short Blades   | 1 |  1.0
Long Blades    | 1 |  1.0
Axes           | 1 |  1.0
Polearms       | 1 |  1.0
Staves         | 1 |  1.0
Slings         | 1 |  1.0
Bows           | 1 |  1.0
Dodging        | 1 |  1.0
Shields        | 1 |  1.0
Unarmed Combat | 1 |  1.0
Spellcasting   | 1 |  1.0
Invocations    | 1 |  1.1
Evocations     | 1 |  1.0
Fighting       | |  4.6
Maces & Flails | |  4.6
Crossbows      | |  2.7
Throwing       | |  2.7
Armour         | |  6.6
Stealth        | |  2.5
Conjurations   | |  0.8
Hexes          | |  0.8
Charms         | |  0.8
Summonings     | |  0.8
Necromancy     | |  0.8
Translocations | |  0.8
Transmutations | |  0.8
Fire Magic     | |  0.8
Ice Magic      | |  0.8
Air Magic      | |  0.8
Earth Magic    | |  0.8
Poison Magic   | |  0.8

Action                   |  1- 3 |  4- 6 || total
-------------------------+-------+-------++-------
Melee: Mace              |    76 |    25 ||   101
       Bite              |     8 |     3 ||    11
Throw: Javelin           |     7 |     9 ||    16
 Stab: Sleeping          |     6 |       ||     6
  Eat: Chunk             |       |     1 ||     1
Armor: Robe              |    32 |     5 ||    37
Dodge: Dodged            |    51 |    19 ||    70
